 Dungeon Crawl Stone Soup version 0.18-a0-19-g8b99b3a (webtiles) character file.

1219 Raultor the Covered (level 8, 0/50 HPs)
             Began as a Gargoyle Fighter on Nov 1, 2015.
             Slain by an ice beast (13 damage)
             ... on level 5 of the Dungeon.
             The game lasted 00:11:51 (4345 turns).

Raultor the Covered (Gargoyle Fighter)              Turns: 4345, Time: 00:11:52

Health: 0/50       AC: 18    Str: 22    XL:     8   Next: 47%
Magic:  8/8        EV:  8    Int:  8    God:
Gold:   220        SH: 10    Dex: 10    Spells: 0 memorised, 7 levels left

rFire  . . .     SeeInvis .     h - +1 whip (freeze)
rCold  . . .     Clarity  .     z - +1 ring mail {MR+}
rNeg   + . .     SustAt   .     c - +0 shield
rPois  ∞         Gourm    .     (no helmet)
rElec  +         Spirit   .     (no cloak)
rCorr  .         Warding  .     v - +2 pair of gloves
rMut   .         Stasis   .     l - +1 pair of boots
MR     +....                    (no amulet)
Stlth  ..........               (no ring)
                                (no ring)

@: somewhat resistant to hostile enchantments, extremely unstealthy
A: negative energy resistance 1, electricity resistance, unbreathing,
petrification resistance, rot immunity, AC +5
a: no special abilities


You were on level 5 of the Dungeon.
You were hungry.

You visited 1 branch of the dungeon, and saw 5 of its levels.

You collected 220 gold pieces.

Inventory:

Hand Weapons
 a - a +1 flail
 h - a +1 whip of freezing (weapon)
Missiles
 p - 6 tomahawks (quivered)
Armour
 b - a +0 scale mail
 c - a +0 shield (worn)
 l - a +1 pair of boots (worn)
 v - a +2 pair of gloves (worn)
 z - a +1 ring mail of magic resistance (worn)
Scrolls
 f - a scroll of enchant weapon
 n - a scroll of remove curse
 q - a scroll of identify {unknown}
 t - 5 scrolls of teleportation
 w - a scroll of fog
 A - a scroll of immolation {unknown}
 D - a scroll of noise {unknown}
Potions
 d - a potion of might
 g - 3 potions of agility {unknown}
 i - 2 potions of degeneration {unknown}
 j - 3 potions of curing {unknown}
 k - 3 potions of haste {unknown}
 o - a potion of cancellation {unknown}
 s - 2 potions of invisibility {unknown}
 u - 2 potions of beneficial mutation {unknown}
 x - a potion of mutation {unknown}
 B - a potion of brilliance {unknown}
 C - 2 potions of cure mutation {unknown}
 E - a potion of flight {unknown}
Books
 y - a book of Burglary

   Spells                             Type                      Level
   a - Swiftness                      Charms/Air                   2
   b - Passwall                       Transmutation/Earth          3
   c - Passage of Golubria            Translocation                4
   d - Lee's Rapid Deconstruction     Earth                        5
   e - Darkness                       Hexes                        6
   f - Invisibility                   Hexes                        6
Comestibles
 e - 5 bread rations
 m - a meat ration
 r - 2 beef jerkies


   Skills:
 + Level 5.5 Fighting
 * Level 6.3 Maces & Flails
 + Level 6.8 Armour
 + Level 5.2 Shields


You had 7 spell levels left.
You didn't know any spells.

Dungeon Overview and Level Annotations

Branches:
Dungeon (5/15)
 Temple: D:4-7

Altars:
Kikubaaqudgha
Okawaru
Xom
Zin


Innate Abilities, Weirdness & Mutations

You are resistant to torment.
Your stone body is resilient (AC +5).
You are immune to poison.
You resist negative energy.
You are resistant to electric shocks.
You can survive without breathing.
You are immune to petrification.
You are immune to rotting.


Message History

You hit the ice beast.
The ice beast is moderately wounded.
The ice beast hits you but does no damage.
You hit the ice beast.
The ice beast is moderately wounded.
The ice beast hits you but does no damage.
You completely miss the ice beast.
The ice beast is moderately wounded.
The ice beast hits you but does no damage.
You barely miss the ice beast.
The ice beast is moderately wounded.
You hit the ice beast but do no damage.
The ice beast is moderately wounded.
The ice beast hits you but does no damage.
You hit the ice beast but do no damage.
The ice beast is moderately wounded.
The ice beast hits you.
* * * LOW HITPOINT WARNING * * *
The ice beast freezes you!
You die...

###.# #.# ##.##.##
.... #.# ### #.##.##
... ... ... #......
#.. #.# #.# #.##.##
#.. #.# #.# #.##'##
###..##.###.####.#....
#.....#..........#....
#Y#.##..####.+....
+@........##.#....
#.#.###.#.#..'....
#.........####....
#.......##........
#.########.####... #.#
#......#' #.#
#.......[ #.#
#........ #.###....


You could see an ice beast.

Vanquished Creatures
  Pikel (D:5)
  A sky beast (D:5)
  2 ogres (D:4)
  A scorpion (D:4)
  A crimson imp (D:5)
  A giant frog zombie (D:5)
  An orc priest (D:4)
  A hound (D:5)
  A giant frog skeleton (D:3)
  Jessica (D:3)
  2 orc wizards (D:3)
  A worker ant (D:4)
  An iguana (D:4)
  6 adders
  4 gnolls
  An ooze (D:4)
  An adder skeleton (D:4)
  2 worms (D:2)
  A giant gecko (D:2)
  10 orcs
  A ball python (D:2)
  9 bats
  3 giant cockroaches
  8 hobgoblins
  2 jackals (D:1)
  A quokka (D:3)
  2 giant gecko skeletons
  5 giant newts
  7 goblins
  6 kobolds
  10 rats
94 creatures vanquished.

Vanquished Creatures (others)
  A worm (D:5)
  A giant gecko zombie (D:5)
2 creatures vanquished.

Grand Total: 96 creatures vanquished

Notes
Turn   | Place    | Note
--------------------------------------------------------------
     0 | D:1      | Raultor the Gargoyle Fighter began the quest for the Orb.
     0 | D:1      | Reached XP level 1. HP: 14/14 MP: 1/1
   237 | D:1      | Reached XP level 2. HP: 17/19 MP: 2/2
   389 | D:1      | You fall through a shaft!
   495 | D:2      | Found an ancient bone altar of Kikubaaqudgha.
   495 | D:2      | Found an iron altar of Okawaru.
   495 | D:2      | Found a glowing silver altar of Zin.
   861 | D:1      | Reached XP level 3. HP: 18/23 MP: 3/3
  1315 | D:1      | Reached skill level 4 in Armour
  1315 | D:1      | Reached XP level 4. HP: 12/28 MP: 4/4
  1699 | D:2      | Reached XP level 5. HP: 28/32 MP: 5/5
  1714 | D:2      | Found a shimmering altar of Xom.
  2337 | D:3      | Noticed Jessica
  2343 | D:3      | Killed Jessica
  2461 | D:3      | Reached XP level 6. HP: 38/38 MP: 6/6
  3037 | D:4      | Reached skill level 5 in Armour
  3238 | D:4      | Reached XP level 7. HP: 2/44 MP: 7/7
  3731 | D:4      | Reached skill level 5 in Maces & Flails
  3752 | D:5      | Entered Level 5 of the Dungeon
  3898 | D:5      | Noticed Pikel
  3962 | D:5      | Killed Pikel
  3962 | D:5      | Reached skill level 5 in Fighting
  3962 | D:5      | Reached skill level 6 in Maces & Flails
  3962 | D:5      | Reached skill level 5 in Shields
  3962 | D:5      | Reached XP level 8. HP: 38/50 MP: 8/8
  4345 | D:5      | Slain by an ice beast

Vault maps used:
D:1:      dpeg_arrival_arbitrary_a, serial_forest, infiniplex_forest_end_3,
          infiniplex_forest_zigzag_1, infiniplex_forest_straight_4,
          infiniplex_forest_clump_diagonal
D:2:      xom_teletrap_fun, gammafunk_temple_overflow_forgotten,
          patterned_corridor
D:3:      first_bread, uniq_jessica
D:4:      nicolae_ossuary_entry_ruins
D:5:      uniq_blork_the_orc, uniq_pikel

Action                   |  1- 3 |  4- 6 |  7- 9 || total
-------------------------+-------+-------+-------++-------
Melee: Flail             |   130 |   125 |       ||   255
       Whip              |       |   131 |   182 ||   313
  Use: Scroll            |       |     5 |     1 ||     6
  Eat: Chunk             |     1 |     7 |     3 ||    11
